[Event "Olaine Open Rapid 2018"]
[Site "Olaine"]
[Date "2018.11.25"]
[Round "7.5"]
[White "Dzjuba, Vsevolod"]
[Black "Levchenkov, Vitaly"]
[Result "0-1"]
[WhiteElo "2238"]
[BlackElo "2150"]
[PlyCount "86"]
[EventDate "2018.11.24"]
[EventType "swiss"]
[EventCountry "LAT"]
[TimeControl "600+5"]
[WhiteClock "0:01:11"]
[BlackClock "0:00:14"]

1. e4 c5 2. Nf3 Nc6 3. Bb5 g6 4. O-O Bg7 5. Re1 e5 6. b4 Nd4 7. Nxd4 cxd4 8. c3 Ne7 9. cxd4 exd4 10. d3 O-O 11. Bg5 h6 12. Bh4 d6 13. Nd2 a6 14. Ba4 g5 15. Bg3 b5 16. Bb3 Ng6 17. Qh5 Kh7 18. Nf3 Qf6 19. h4 gxh4 20. Bxh4 Nxh4 21. Nxh4 Qg5 22. Qxg5 hxg5 23. Nf5 Be5 24. Rac1 Ra7 25. Rc6 Bd7 26. Rb6 Bxf5 27. exf5 Rc8 28. g3 Kg7 29. Kg2 Rc3 30. Rd1 g4 31. Bd5 Kf6 32. Be4 Rc2 33. Rh1 Rac7 34. Rh6+ Kg5 35. Rh4 Rxa2 36. Bd5 Rd2 37. Rb8 Rcc2 38. Rg8+ Kf6 39. Rh6+ Ke7 40. Rxg4 Rxf2+ 41. Kg1 Rfd2 42. f6+ Kd7 43. Rh7 Rc1# 0-1

[Event "Olaine Open Rapid 2018"]
[Site "Olaine"]
[Date "2018.11.25"]
[Round "7.6"]
[White "Volodins, Igors"]
[Black "Kolasa, Pjotrs"]
[Result "1/2-1/2"]
[WhiteElo "2186"]
[BlackElo "2108"]
[PlyCount "184"]
[EventDate "2018.11.24"]
[EventType "swiss"]
[EventCountry "LAT"]
[TimeControl "600+5"]
[WhiteClock "0:00:21"]
[BlackClock "0:01:14"]

1. g3 Nf6 2. Bg2 d5 3. c4 dxc4 4. Qa4+ Nbd7 5. Nf3 e6 6. O-O a6 7. Qxc4 b5 8. Qc2 Bb7 9. d3 Bd6 10. a4 O-O 11. Na3 Qe7 12. axb5 axb5 13. Bd2 Bxa3 14. Rxa3 Rxa3 15. bxa3 Qxa3 16. Qxc7 Qa8 17. Qc3 Rc8 18. Qb2 Qa4 19. Bc3 Nd5 20. Ra1 Qg4 21. h3 Qg6 22. Bd2 Qf6 23. d4 b4 24. e4 N5b6 25. Ne5 Nxe5 26. dxe5 Qe7 27. Bxb4 Qc7 28. Ba5 Ra8 29. Rc1 Nc4 30. Rxc4 Qxc4 31. Qxb7 Rc8 32. Qb4 Qc1+ 33. Bf1 h6 34. Qd2 Qc5 35. Bb4 Qxe5 36. Qd3 Qc7 37. Bd6 Qc6 38. e5 Ra8 39. Bg2 Ra1+ 40. Kh2 Qc1 41. g4 Qf4+ 42. Qg3 Qc1 43. Qe3 Qg1+ 44. Kg3 Qb1 45. Qe4 Qb3+ 46. Qf3 Qb1 47. Qb7 Qd3+ 48. Kh2 Qd4 49. Qc8+ Kh7 50. Qc2+ g6 51. Kg3 Rd1 52. Qe4 Qc3+ 53. Kh2 Re1 54. Qf3 Qxf3 55. Bxf3 Rb1 56. h4 Kg7 57. Be7 Rb5 58. Bf6+ Kh7 59. h5 Rb4 60. Kg3 Ra4 61. Bc6 Ra3+ 62. f3 gxh5 63. gxh5 Ra1 64. Be4+ Kg8 65. f4 Rg1+ 66. Kf2 Rg4 67. Kf3 Rg1 68. Ke3 Rg3+ 69. Bf3 Rg1 70. Be2 Rg3+ 71. Ke4 Rg1 72. Kf3 Rh1 73. Kg2 Re1 74. Bg4 Re4 75. Kf3 Ra4 76. f5 Ra3+ 77. Ke2 exf5 78. Bxf5 Ra2+ 79. Kd3 Rh2 80. Bg4 Rg2 81. Bf3 Rg1 82. Ke4 Re1+ 83. Kd5 Re3 84. Bg4 Rg3 85. Bd7 Rd3+ 86. Kc6 Rd1 87. e6 fxe6 88. Bxe6+ Kh7 89. Bf5+ Kg8 90. Bg6 Rd2 91. Kc5 Rd1 92. Bd4 Rxd4 1/2-1/2

[Event "Olaine Open Rapid 2018"]
[Site "Olaine"]
[Date "2018.11.25"]
[Round "8.3"]
[White "Mustaps, Matiss"]
[Black "Levchenkov, Vitaly"]
[Result "1-0"]
[WhiteElo "2354"]
[BlackElo "2150"]
[PlyCount "111"]
[EventDate "2018.11.24"]
[EventType "swiss"]
[EventCountry "LAT"]
[TimeControl "600+5"]
[WhiteClock "0:00:15"]
[BlackClock "0:01:28"]

1. e4 c5 2. Nf3 Nc6 3. d3 g6 4. g3 Bg7 5. Bg2 Nf6 6. O-O O-O 7. c3 e5 8. Re1 d5 9. Nbd2 h6 10. a3 a5 11. a4 b6 12. exd5 Nxd5 13. Nc4 Re8 14. Bd2 Ba6 15. Qb3 Bb7 16. Rad1 Kh7 17. Bc1 f5 18. Qc2 Qc7 19. h4 Rad8 20. Re2 Nf6 21. Rde1 Ng4 22. h5 g5 23. Nh2 Nxh2 24. Kxh2 Re7 25. Kg1 Kh8 26. Ne3 Rf7 27. Nd5 Qd6 28. f4 gxf4 29. gxf4 Nb4 30. Nxb4 axb4 31. fxe5 Qxd3 32. Qxd3 Rxd3 33. e6 Re7 34. Bxb7 bxc3 35. bxc3 Bxc3 36. Bb2 Bxb2 37. Rxb2 Rd6 38. Bc8 Rd8 39. Ba6 Rd6 40. Bc4 Rd4 41. Rc1 Rg7+ 42. Rg2 Rdg4 43. Rxg4 Rxg4+ 44. Kf2 Rf4+ 45. Kg3 Re4 46. Kf3 Kg7 47. Rg1+ Kf8 48. Bd5 Re5 49. Rd1 Ke7 50. Kf4 Kf6 51. Kf3 Ke7 52. Bc4 Re4 53. Rd7+ Kf8 54. Rf7+ Kg8 55. e7 Kh8 56. Rf8+ 1-0

[Event "Olaine Open Rapid 2018"]
[Site "Olaine"]
[Date "2018.11.25"]
[Round "8.5"]
[White "Berzinsh, Roland"]
[Black "Bolsakovs, Vadims"]
[Result "1-0"]
[WhiteElo "2409"]
[BlackElo "2164"]
[PlyCount "31"]
[EventDate "2018.11.24"]
[EventType "swiss"]
[EventCountry "LAT"]
[TimeControl "600+5"]
[WhiteClock "0:00:11"]
[BlackClock "0:06:50"]

1. d4 Nf6 2. Bf4 d6 3. Nc3 g6 4. e4 Bg7 5. Qd2 h6 6. O-O-O Nbd7 7. Nf3 Nh5 8. Be3 e5 9. dxe5 dxe5 10. g4 Nf4 11. Nxe5 Bxe5 12. Bxf4 Qf6 13. Nd5 Qd6 14. Bxe5 Nxe5 15. f4 Nf3 16. Qc3 1-0

[Event "Olaine Open Rapid 2018"]
[Site "Olaine"]
[Date "2018.11.25"]
[Round "8.6"]
[White "Jazdanovs, Aleksandrs"]
[Black "Volodins, Igors"]
[Result "1/2-1/2"]
[WhiteElo "2098"]
[BlackElo "2186"]
[PlyCount "35"]
[EventDate "2018.11.24"]
[EventType "swiss"]
[EventCountry "LAT"]
[TimeControl "600+5"]
[WhiteClock "0:04:38"]
[BlackClock "0:09:07"]

1. e4 e5 2. Nf3 Nc6 3. Bb5 a6 4. Ba4 d6 5. O-O Bd7 6. c3 Nge7 7. d4 Ng6 8. dxe5 Ncxe5 9. Nxe5 dxe5 10. Bg5 Be7 11. Bxe7 Qxe7 12. Qxd7+ Qxd7 13. Bxd7+ Kxd7 14. Rd1+ Ke6 15. g3 Rhd8 16. Na3 Ne7 17. f3 Nc6 18. Nc4 1/2-1/2

[Event "Olaine Open Rapid 2018"]
[Site "Olaine"]
[Date "2018.11.25"]
[Round "9.2"]
[White "Lavendelis, Egons"]
[Black "Kolasa, Pjotrs"]
[Result "1-0"]
[WhiteElo "2290"]
[BlackElo "2108"]
[PlyCount "107"]
[EventDate "2018.11.24"]
[EventType "swiss"]
[EventCountry "LAT"]
[TimeControl "600+5"]
[WhiteClock "0:01:26"]
[BlackClock "0:00:46"]

1. e4 e5 2. Nf3 Nc6 3. d4 exd4 4. Bc4 Nf6 5. e5 Ng4 6. Qe2 Qe7 7. Bf4 f6 8. exf6 Qxe2+ 9. Kxe2 Nxf6 10. Rd1 d5 11. Bb5 a6 12. Bxc6+ bxc6 13. Nxd4 c5 14. Nf3 Bd6 15. Bxd6 cxd6 16. Nbd2 Bf5 17. c3 Kd7 18. Nf1 Rhe8+ 19. Ne3 Rab8 20. b3 Kc6 21. Kf1 Bg6 22. Rac1 a5 23. h3 Be4 24. Ng1 Rf8 25. Ne2 Nh5 26. Kg1 Rbe8 27. Rd2 Rf7 28. Rcd1 g5 29. b4 Nf4 30. Nxf4 gxf4 31. Nxd5 Bxd5 32. Rxd5 axb4 33. cxb4 Re6 34. bxc5 dxc5 35. Kf1 Ra7 36. R5d2 Ra3 37. Rc1 Re5 38. f3 Rd5 39. Re2 Rd4 40. Rcc2 Rda4 41. Re6+ Kd5 42. Ree2 Rd4 43. Re7 Rda4 44. Rd7+ Kc6 45. Rdd2 c4 46. Rd4 Kc5 47. Rxf4 Rxa2 48. Rfxc4+ Rxc4 49. Rxa2 Kd4 50. Re2 Kd3 51. Kf2 h5 52. Re3+ Kd2 53. Re5 h4 54. Re4 1-0

[Event "Olaine Open Rapid 2018"]
[Site "Olaine"]
[Date "2018.11.25"]
[Round "9.3"]
[White "Ivanov, Igor"]
[Black "Antoms, Guntars"]
[Result "0-1"]
[WhiteElo "2142"]
[BlackElo "2340"]
[PlyCount "76"]
[EventDate "2018.11.24"]
[EventType "swiss"]
[EventCountry "LAT"]
[TimeControl "600+5"]
[WhiteClock "0:04:57"]
[BlackClock "0:00:10"]

1. b3 e5 2. Bb2 d6 3. e3 f5 4. c4 Nf6 5. d4 Nbd7 6. Nf3 Qe7 7. Nc3 c6 8. Ba3 e4 9. Nh4 g6 10. g3 Bg7 11. Ng2 O-O 12. Rc1 Rd8 13. Be2 Nf8 14. h4 Qf7 15. d5 c5 16. Bb2 N6d7 17. Qc2 Ne5 18. Na4 Bd7 19. Bxe5 Bxe5 20. Nc3 a6 21. Nf4 Rab8 22. Nh3 b5 23. h5 Qg7 24. hxg6 hxg6 25. Nf4 b4 26. Nb1 a5 27. Kd2 a4 28. g4 fxg4 29. Rcg1 axb3 30. Qxb3 Bc3+ 31. Kd1 Ra8 32. Bxg4 Ba4 33. Ne6 Bxb3+ 34. axb3 Nxe6 35. Bxe6+ Kf8 36. Rg4 Ra1 37. Rf4+ Ke7 38. Kc2 Rda8 0-1

[Event "Olaine Open Rapid 2018"]
[Site "Olaine"]
[Date "2018.11.25"]
[Round "9.5"]
[White "Ramma, Kaspars"]
[Black "Smorodinskis, Igors"]
[Result "1-0"]
[WhiteElo "2107"]
[BlackElo "2209"]
[PlyCount "125"]
[EventDate "2018.11.24"]
[EventType "swiss"]
[EventCountry "LAT"]
[TimeControl "600+5"]
[WhiteClock "0:01:43"]
[BlackClock "0:01:29"]

1. d4 Nf6 2. Bf4 g6 3. e3 Bg7 4. Nf3 O-O 5. Be2 d5 6. h3 c5 7. c3 b6 8. Nbd2 Nc6 9. O-O Nd7 10. Qa4 Bb7 11. Rad1 a6 12. Qb3 c4 13. Qc2 b5 14. e4 e6 15. Rfe1 b4 16. exd5 exd5 17. Nf1 Re8 18. Ne3 Nb6 19. Ng4 f6 20. h4 Qd7 21. Ne3 a5 22. Nh2 a4 23. a3 bxa3 24. bxa3 Na5 25. h5 Qf7 26. hxg6 hxg6 27. Nf3 Re4 28. Bd6 Nb3 29. g3 Re6 30. Bb4 Bf8 31. Bxf8 Rxf8 32. Nh4 Kg7 33. Bg4 Re4 34. f3 Ree8 35. Neg2 f5 36. Bh3 Rxe1+ 37. Rxe1 Re8 38. Rxe8 Qxe8 39. g4 fxg4 40. Bxg4 Bc8 41. Kh2 Bxg4 42. fxg4 Nd7 43. Nf4 Nf8 44. Qf2 Qf7 45. Qe3 Na5 46. Qe5+ Kh7 47. Nf3 Kg8 48. Kg3 Nc6 49. Qd6 Na7 50. Nxd5 Nb5 51. Ne7+ Kg7 52. Qe5+ Qf6 53. Qxb5 Qxe7 54. Qe5+ Kf7 55. Qxe7+ Kxe7 56. Ne5 Ke6 57. Nxc4 Kd5 58. Nd2 Ne6 59. Kf3 g5 60. Ke3 Nf4 61. c4+ Ke6 62. Ne4 Nh3 63. Nc5+ 1-0

[Event "Olaine Open Rapid 2018"]
[Site "Olaine"]
[Date "2018.11.25"]
[Round "9.6"]
[White "Volodins, Igors"]
[Black "Rogule, Laura"]
[Result "*"]
[WhiteElo "2186"]
[BlackElo "2263"]
[PlyCount "34"]
[EventDate "2018.11.24"]
[EventType "swiss"]
[EventCountry "LAT"]
[TimeControl "600+5"]
[WhiteClock "0:02:45"]
[BlackClock "0:00:34"]

1. g3 d5 2. Bg2 c6 3. c4 Nf6 4. b3 dxc4 5. bxc4 Qd4 6. Nc3 Qxc4 7. Nf3 Nbd7 8. Bb2 e5 9. d3 Qa6 10. O-O Ba3 11. Rb1 Bxb2 12. Rxb2 O-O 13. Nd2 Qa3 14. Nc4 Qxc3 15. Qa1 Qd4 16. e3 Qxd3 17. Rc1 Nb6 *